AoeStats
← IamtheChit

Arabia

509537088Analyzed
2v2 RM · 6d ago on Sep 27, 2026· 57m 31s· 4 players
Game mode
Random Map
Map size
Medium (4 player)
Population
200
Speed
Normal
Resources
Standard
Victory
Conquest
Starting age
Dark Age
Ending age
Imperial Age
RankedLock teamsTeams togetherTeam positionsShared explorationLock speedFull tech treeHidden civsTurbo modeCheats
Victory
Defeat
🇦🇷 Vietnamese · Argentina
1192
+17
🇦🇷 Armenians · Argentina
1191
+17
🇺🇸 Mongols · United States
1215
-17
🇺🇸 Vietnamese · United States
1209
-17
joseleandro2389
7:09 Loom
9:34 Feudal Age
9:42 Man-at-Arms
10:46 Arson
13:06 Long Swordsman
21:06 Wheelbarrow
21:48 Scale Mail Armor
24:37 Double-Bit Axe
30:59 Castle Age
29:49 Gold Mining
29:57 Horse Collar
31:45 Forging
32:29 Chain Mail Armor
33:18 Fletching
35:02 Bodkin Arrow
35:28 Gambesons
36:08 Bow Saw
37:31 Squires
37:40 Two-Handed Swordsman
39:09 Town Watch
39:56 Sanctity
42:32 Ballistics
43:40 Heavy Plow
47:25 Pikeman
52:40 Iron Casting
52:27 Champion
58:00 Hand Cart
sbbta
7:43 Loom
9:59 Feudal Age
10:28 Double-Bit Axe
16:20 Wheelbarrow
16:46 Padded Archer Armor
22:10 Castle Age
21:42 Fletching
23:05 Bodkin Arrow
22:52 Crossbowman
24:14 Thumb Ring
24:39 Elite Skirmisher
28:59 Bow Saw
31:01 Pikeman
32:30 Hand Cart
35:33 Leather Archer Armor
37:08 Sanctity
38:39 Chatras
40:11 Town Watch
44:03 Imperial Age
44:10 Scale Mail Armor
44:12 Capped Ram
45:12 Elite Rattan Archer
47:22 Paper Money
48:19 Chemistry
49:28 Bracer
49:14 Horse Collar
53:21 Ballistics
54:11 Two-Man Saw
53:06 Gold Mining
53:08 Stone Mining
54:26 Halberdier
IamtheChit
7:24 Loom
10:04 Feudal Age
10:49 Double-Bit Axe
12:32 Wheelbarrow
14:36 Fletching
19:33 Castle Age
18:30 Padded Archer Armor
20:05 Crossbowman
20:44 Bodkin Arrow
21:22 Thumb Ring
22:37 Scale Barding Armor
23:35 Bloodlines
23:51 Husbandry
24:09 Forging
27:43 Husbandry
29:22 Bow Saw
31:57 Gold Mining
36:20 Hand Cart
37:31 Chain Barding Armor
42:02 Imperial Age
41:09 Leather Archer Armor
41:12 Devotion
41:18 Devotion
41:47 Horse Collar
42:45 Ballistics
42:43 Bracer
44:04 Ring Archer Armor
44:10 Plate Barding Armor
47:22 Chemistry
47:20 Iron Casting
50:57 Elite Battle Elephant
54:04 Paper Money
crabchicken
5:47 Loom
9:03 Feudal Age
9:55 Loom
9:56 Double-Bit Axe
18:15 Fletching
28:43 Castle Age
28:59 Padded Archer Armor
28:45 Horse Collar
29:13 Crossbowman
30:16 Bodkin Arrow
35:38 Bloodlines
35:30 Husbandry
41:00 Wheelbarrow
40:33 Town Watch
46:17 Scale Barding Armor
47:55 Thumb Ring
56:28 Ballistics
56:24 Masonry
Connection lost

Rejoining the realm…

Still unreachable

The connection could not be restored.

Session expired

The server has moved on; the page needs a fresh start.